 Dungeon Crawl Stone Soup version 0.31-a0-1098-g6898e6545c (webtiles) character file.

Game seed: 11107079209013499284

2180 graki42 the Destroyer (level 9, 0/45 HPs)
             Began as a Deep Elf Conjurer on Nov 29, 2023.
             Was a Follower of Vehumet.
             Slain by Karim's ghost (8 damage)
             ... on level 6 of the Dungeon on Nov 30, 2023.
             The game lasted 00:21:56 (6412 turns).

graki42 the Destroyer (Deep Elf Conjurer)           Turns: 6412, Time: 00:21:56

Health: 0/45       AC:  6    Str:  8    XL:     9   Next: 11%
Magic:  2/23       EV: 12    Int: 24    God:    Vehumet [*.....]
Gold:   282        SH:  0    Dex: 13    Spells: 13/24 levels left

rFire   + . .        u - +8 trident of the Octopus King {venom, rElec rPois}
rCold   . . .        (no shield)
rNeg    . . .        B - +0 steam dragon scales
rPois   +            e - +0 helmet
rElec   +            k - scarf {repulsion}
rCorr   .            (no gloves)
SInv    .            (no boots)
Will    .....        (no amulet)
Stlth   ++           i - ring of protection from fire
HPRegen 0.27/turn    t - ring of poison resistance
MPRegen 0.18/turn

%: repel missiles
@: hasted, very quick
A: no striking features
a: Renounce Religion


You were on level 6 of the Dungeon.
You worshipped Vehumet.
Vehumet was aware of your devotion.
You visited 2 branches of the dungeon, and saw 7 of its levels.

You collected 282 gold pieces.

Inventory:

Hand Weapons
 u - the +8 trident of the Octopus King (weapon) {venom, rElec rPois}
   (You found it on level 5 of the Dungeon)

   rElec:     It insulates you from electricity.
   rPois:     It protects you from poison
Armour
 a - a +1 robe of willpower
 e - a +0 helmet (worn)
 k - a scarf of repulsion (worn)
 B - +0 steam dragon scales (worn)
Magical Staves
 z - a staff of air
Jewellery
 i - a ring of protection from fire (left hand)
 n - a +6 ring of strength
 t - a ring of poison resistance (right hand)
 x - a ring of fire
Wands
 b - a wand of roots (13)
 o - a wand of paralysis (10)
 A - a wand of flame (28)
Scrolls
 c - a scroll of fear {unknown}
 h - 3 scrolls of amnesia
 j - a scroll of revelation {unknown}
 p - a scroll of butterflies {unknown}
 q - a scroll of acquirement {unknown}
 v - 2 scrolls of noise {unknown}
 y - a scroll of vulnerability {unknown}
 C - a scroll of teleportation {unknown}
Potions
 d - a potion of brilliance {unknown}
 f - a potion of invisibility {unknown}
 g - 4 potions of curing
 l - a potion of haste
 m - 2 potions of attraction
 r - a potion of berserk rage {unknown}
 s - 2 potions of heal wounds {unknown}
 w - a potion of ambrosia {unknown}
 D - a potion of enlightenment {unknown}


   Skills:
 - Level 3.0 Dodging
 - Level 3.0 Stealth
 + Level 8.0 Spellcasting
 * Level 9.5 Conjurations
 + Level 6.4 Hexes
 + Level 5.3 Translocations


You had 13 spell levels left.
You knew the following spells:

 Your Spells              Type           Power      Damage    Failure   Level
a - Magic Dart            Conj           100%       1d8       1%          1
b - Searing Ray           Conj           100%       2d8       1%          2
c - Fulminant Prism       Conj/Hex       23%        3d12      2%          4
d - Iskenderun's Mystic   Conj/Tloc      45%        2d10      3%          4

Your spell library contained the following spells:

 Spells                   Type           Power      Damage    Failure   Level
 Foxfire                  Conj/Fire      100%       2x1d9     1%          1
 Dazzling Flash           Conj/Hex       94%        N/A       1%          3
 Hailstorm                Conj/Ice       32%        3d8       2%          3
 Freeze                   Ice            36%        1d5       6%          1
 Frozen Ramparts          Ice            18%        1d3       19%         3


Dungeon Overview and Level Annotations

Branches:
Dungeon (6/15)             Temple (1/1) D:4

Altars:
Cheibriados
Elyvilon
Fedhas
Gozag
Hepliaklqana
Kikubaaqudgha
Makhleb
Nemelex Xobeh
Qazlal
Ru
Sif Muna
Trog
Uskayaw
Vehumet
Wu Jian
Xom
Yredelemnul
Zin
The Shining One

Shops:
D:4 :

Annotations:
D:6 Karim's ghost, novice GnSh


Message History

You barely miss Karim's ghost.
Karim's ghost is severely damaged.
You closely miss Karim's ghost.
Karim's ghost is severely damaged.
Karim's ghost hits you!
You hit Karim's ghost.
Karim's ghost is severely damaged.
Karim's ghost hits you but does no damage.
You hit Karim's ghost but do no damage.
Karim's ghost is severely damaged.
Karim's ghost misses you.
You closely miss Karim's ghost.
Karim's ghost is severely damaged.
Karim's ghost hits you but does no damage.
You puncture Karim's ghost!
Karim's ghost is severely damaged.
Karim's ghost hits you but does no damage.
You closely miss Karim's ghost.
Karim's ghost is severely damaged.
Karim's ghost misses you.
You barely miss Karim's ghost.
Karim's ghost is severely damaged.
Karim's ghost hits you!
* * * LOW HITPOINT WARNING * * *
You hit Karim's ghost.
Karim's ghost is almost destroyed.
Karim's ghost hits you.
* * * LOW HITPOINT WARNING * * *
You closely miss Karim's ghost.
Karim's ghost is almost destroyed.
You miss Karim's ghost.
Karim's ghost is almost destroyed.
Karim's ghost closely misses you.
You puncture Karim's ghost!
Karim's ghost is almost destroyed.
Karim's ghost barely misses you.
You closely miss Karim's ghost.
Karim's ghost is almost destroyed.
Karim's ghost hits you!
You die...

######.#.# ... ...
.........# . ..#
...###.### ...#
##.#.#.# ...# #.)..#.#
#..#.#.# #..#...#
#..##### ###+#######.#
#..# #...#..@....#
#..#######.#>###W#####
#................#
..............####
.........#'#...##
##......##.##...##
#.....##...##...####
#....##.....##.....#
#....#⌠.!♣?.⌠#.....#


You could see Karim's ghost.

Vanquished Creatures
  Pikel (D:6)
  Maggie (D:6)
  Prince Ribbit (D:6)
  An ice beast (D:6)
  A lemure (D:6)
  A bullfrog (D:6)
  A gnoll sergeant (D:5)
  3 scorpions
  3 wights (D:6)
  2 hounds
  A gnoll bouda (D:6)
  Crazy Yiuf (D:3)
  2 orc priests
  3 iguanas
  A sleepcap (D:5)
  An orc wizard (D:3)
  Ijyb (D:3)
  Natasha (thrice) (D:4)
  Robin (D:3)
  8 gnolls
  5 adders
  2 worms (D:2)
  3 dart slugs
  16 orcs
  8 bats
  5 endoplasms
  4 giant cockroaches
  3 goblins
  13 hobgoblins
  8 jackals
  3 quokkas
  6 ball pythons
  2 frilled lizards
  7 kobolds
  6 rats
128 creatures vanquished.

Vanquished Creatures (others)
  7 fulminant prisms
7 creatures vanquished.

Grand Total: 135 creatures vanquished

Notes
Turn   | Place    | Note
-------+----------+-------------------------------------------
     0 | D:1      | graki42 the Deep Elf Conjurer began the quest for the Orb.
     0 | D:1      | Reached XP level 1. HP: 10/10 MP: 6/6
     0 | D:1      | Upgraded the game from 0.31-a0-1096-g246cf0196b to
                  | 0.31-a0-1098-g6898e6545c
   454 | D:1      | Reached XP level 2. HP: 15/15 MP: 6/8
   526 | D:1      | Learned a level 2 spell: Searing Ray
   825 | D:1      | Reached XP level 3. HP: 19/19 MP: 8/10
  1493 | D:2      | Reached skill level 5 in Conjurations
  1586 | D:2      | Found a glowing golden altar of the Shining One.
  1677 | D:2      | Reached XP level 4. HP: 24/24 MP: 8/12
  1682 | D:2      | Learned a level 4 spell: Fulminant Prism
  1687 | D:2      | Learned a level 4 spell: Iskenderun's Mystic Blast
  2196 | D:3      | Noticed Ijyb
  2196 | D:3      | Noticed Robin
  2297 | D:3      | Killed Robin
  2298 | D:3      | Reached skill level 1 in Hexes
  2298 | D:3      | Killed Ijyb
  2299 | D:3      | Reached skill level 1 in Translocations
  2299 | D:3      | Reached XP level 5. HP: 17/28 MP: 6/13
  2704 | D:3      | Found a runed translucent door.
  2705 | D:3      | Noticed Crazy Yiuf
  2711 | D:3      | Killed Crazy Yiuf
  3025 | D:4      | Noticed Natasha
  3027 | D:4      | Killed Natasha
  3036 | D:4      | Noticed Natasha
  3041 | D:4      | Reached skill level 5 in Spellcasting
  3041 | D:4      | Reached skill level 6 in Conjurations
  3042 | D:4      | Killed Natasha
  3043 | D:4      | Reached XP level 6. HP: 29/32 MP: 2/15
  3118 | D:4      | Noticed Natasha
  3123 | D:4      | Killed Natasha
  3217 | D:4      | Found a staircase to the Ecumenical Temple.
  3221 | Temple   | Entered the Ecumenical Temple
  3231 | Temple   | Became a worshipper of Vehumet
  3631 | D:4      | Found Cuclaseuc's Tremendous Tomes.
  3703 | D:5      | Entered Level 5 of the Dungeon
  3833 | D:5      | Reached XP level 7. HP: 36/36 MP: 9/17
  4057 | D:5      | Found the +8 trident of the Octopus King {venom, rElec
                  | rPois}
  4317 | D:5      | Reached skill level 7 in Conjurations
  5497 | D:6      | Noticed Maggie
  5502 | D:6      | Noticed Prince Ribbit
  5521 | D:6      | Killed Maggie
  5522 | D:6      | Reached skill level 8 in Conjurations
  5522 | D:6      | Reached skill level 5 in Hexes
  5522 | D:6      | Reached XP level 8. HP: 21/41 MP: 3/20
  5527 | D:6      | Killed Prince Ribbit
  5724 | D:6      | Noticed Pikel
  5736 | D:6      | Killed Pikel
  5737 | D:6      | Reached skill level 9 in Conjurations
  5737 | D:6      | Reached skill level 5 in Translocations
  6073 | D:6      | Reached * piety under Vehumet
  6073 | D:6      | Offered knowledge of Foxfire by Vehumet.
  6074 | D:6      | Reached XP level 9. HP: 41/45 MP: 14/22
  6252 | D:6      | Found a runed translucent door.
  6252 | D:6      | Noticed Karim's ghost (novice GnSh)
  6412 | D:6      | Slain by Karim's ghost

Illustrated notes

Levels and vault maps discovered:
D:1:      nagdon_arrival_zigzag_paths, layout_loops_ring,
          chequers_serial_rivers_marsh
D:2:      layout_rooms, basic_altar
D:3:      layout_basic, serial_glass, glass_columns_a, glass_columns_b,
          feat_on_display, due_unseen_surprise, item_on_display_a,
          item_on_display_a, nicolae_goblin_pals, uniq_crazy_yiuf_cottage
D:4:      layout_rooms, minmay_temple_entry_proselytizer,
          nicolae_shop_i_like_big_books, uniq_robin, uniq_natasha
D:5:      layout_layer_cave
D:6:      layout_basic, hellmonk_ghost_happy_afterlife, uniq_prince_ribbit1,
          uniq_pikel, uniq_jeremiah, uniq_maggie
Temple:   compressed_dpeg_triangle_lava_temple

Skill      XL: |  1  2  3  4  5  6  7  8  9 |
---------------+----------------------------+-----
Stealth        | 3 |  3.0
Dodging        | 3 |  3.0
Spellcasting   | 4 5 6 7 8 |  8.0
Conjurations   | 5 6 8 9 |  9.5
Hexes          | 1 2 3 5 6 |  6.4
Translocations | 1 2 4 5 |  5.3

Action                     |  1- 3 |  4- 6 |  7- 9 || total
---------------------------+-------+-------+-------++-------
  Melee: Trident           |       |       |    47 ||    47
         Punch             |       |       |     1 ||     1
   Cast: Magic Dart        |    82 |    57 |    15 ||   154
         Searing Ray       |     2 |    21 |    15 ||    38
         Iskenderun's Myst |       |     5 |    20 ||    25
         Fulminant Prism   |       |     1 |     6 ||     7
    Use: Scroll            |       |     2 |     2 ||     4
         Potion            |       |     1 |     1 ||     2
 Armour: Robe              |     1 |    12 |    14 ||    27
         Steam dragon scal |       |       |    24 ||    24
  Dodge: Dodged            |     6 |     6 |    38 ||    50
         Repelled          |       |     1 |     1 ||     2

Table legend: (Time is in decaauts)
 A = Elapsed time spent in this place.
 B = Non-inter-level travel time spent in this place.
 C = Inter-level travel time spent in this place.
 D = Time resting spent in this place.
 E = Time spent auto-exploring this place.
 F = Levels seen in this place.
 G = Mean time per level.
                   A        B        C        D        E       F      G
               +--------+--------+--------+--------+--------+-----+--------+
         Total |   6420 |   6262 |    158 |    606 |   4774 |   7 |  917.1 |
       Dungeon |   6400 |   6252 |    148 |    606 |   4774 |   6 | 1066.7 |
        Temple |     20 |     10 |     10 |      0 |      0 |   1 |   20.0 |
               +--------+--------+--------+--------+--------+-----+--------+

Top non-repeatable levels by time:
     D:5: 1546 daAuts
     D:1: 1188 daAuts
     D:3: 1108 daAuts
     D:6: 1090 daAuts
     D:4: 825 daAuts
     D:2: 641 daAuts
  Temple: 20 daAuts
